 Dungeon Crawl Stone Soup version 0.28-a0-724-g66f9036eb4 (webtiles) character file.

Game seed: 8285223559947697486

10 Leeroy the Slasher (level 2, 0/19 HPs)
             Began as a Tengu Cinder Acolyte on Oct 26, 2021.
             Was a High Priest of Ignis.
             Slain by a quokka (3 damage)
             ... on level 1 of the Dungeon.
             The game lasted 00:00:51 (513 turns).

Leeroy the Slasher (Tengu Cinder Acolyte)            Turns: 513, Time: 00:00:51

Health: 0/19       AC:  2    Str: 14    XL:     2   Next: 20%
Magic:  4/4        EV: 11    Int: 14    God:    Ignis [*****.]
Gold:   28         SH:  0    Dex:  9    Spells: 3/3 levels left

rFire   + . .      SeeInvis .   a - -1 falchion (flame)
rCold   . . .      Faith    .   (no shield)
rNeg    . . .      Spirit   .   b - +0 robe
rPois   .          Reflect  .   (helmet restricted)
rElec   .          Harm     .   (no cloak)
rCorr   .          Rampage  .   (no gloves)
Will    .....                   (boots unavailable)
Stlth   +.........              (no amulet)
HPRegen 0.06/turn               (no ring)
MPRegen 0.09/turn               (no ring)

@: no status effects
A: beak, talons 3
a: Renounce Religion, Sea of Fire, Foxfire Swarm, Rising Flame


You were on level 1 of the Dungeon.
You worshipped Ignis.
Ignis was extremely pleased with you.
You visited 1 branch of the dungeon, and saw 1 of its levels.

You collected 28 gold pieces.

Inventory:

Hand Weapons
 a - a -1 falchion of flaming (weapon)
Missiles
 d - 6 silver boomerangs (quivered)
Armour
 b - a +0 robe (worn)
Potions
 c - a potion of curing {unknown}
 e - a potion of attraction {unknown}
 f - a potion of haste {unknown}


   Skills:
 - Level 3.0 Fighting
 - Level 4.0 Long Blades
 - Level 1.0 Spellcasting
 + Level 3.3 Fire Magic


You had 3 spell levels left.
You didn't know any spells.
Your spell library contained the following spells:

 Spells                   Type           Power      Damage    Failure   Level
 Scorch                   Fire           20%        2d6       10%         2


Dungeon Overview and Level Annotations

Branches:
Dungeon (1/15)

Altars:


Innate Abilities, Weirdness & Mutations

You have a beak for a mouth.
You have claws for feet.


Message History

No target in view!
An endoplasm comes into view.
Found a lumpy emerald potion.
You see here a bat corpse.
The endoplasm closely misses you.
You hit the endoplasm. You burn the endoplasm.
You kill the endoplasm!
No target in view!
No target in view!
No target in view!
No target in view!
No target in view!
No target in view!
No target in view!
Okay, then.
f - a lumpy emerald potion A quokka comes into view.
Found 14 gold pieces.
You see here 4 gold pieces.
You now have 28 gold pieces (gained 4).
A goblin comes into view. It is wielding a +0 dagger.
Found a gold piece.
You closely miss the quokka. Your kick misses the quokka.
The quokka bites you. x2
You barely miss the quokka. Your kick misses the quokka.
The goblin hits you with a +0 dagger. The quokka bites you.
You are too injured to fight recklessly!
You are too injured to fight recklessly!
You are too injured to fight recklessly!
You are too injured to fight recklessly!
You are too injured to fight recklessly!
You are too injured to fight recklessly!
You are too injured to fight recklessly!
You are too injured to fight recklessly!
You miss the goblin. The quokka bites you.
* * * LOW HITPOINT WARNING * * *
The goblin barely misses you.
You closely miss the goblin. Your peck misses the goblin.
The quokka closely misses you. The goblin closely misses you.
The quokka bites you.
You die...

#.......#
#.......# .
...# #.......
# . ...#
#....... $. .#
...#
#......####.##
.##...#
#............#
......
#............#
....# #
#.....rg.....#
...##.####
#####@#......#
..........
#.#......#
.).##.....
#.#......#
...# ...
###.#.#.#.##
...# .
#...#$#.# #
...##......#
#...#.# #
...##......#
#...#.. ..
...##......#
###.# ..
...##......#
#.# .#. .


You could see a quokka and a goblin.

Vanquished Creatures
  2 endoplasms (D:1)
  A giant cockroach (D:1)
  A goblin (D:1)
  A hobgoblin (D:1)
  A ball python (D:1)
  A bat (D:1)
  2 kobolds (D:1)
  A rat (D:1)
10 creatures vanquished.

Notes
Turn   | Place    | Note
-------+----------+-------------------------------------------
     0 | D:1      | Leeroy the Tengu Cinder Acolyte began the quest for the
                  | Orb.
     0 | D:1      | Reached XP level 1. HP: 14/14 MP: 3/3
   299 | D:1      | Reached XP level 2. HP: 19/19 MP: 4/4
   478 | D:1      | Reached skill level 4 in Long Blades
   513 | D:1      | Slain by a quokka

Illustrated notes

Levels and vault maps discovered:
D:1:      psy_arrival_dodecagon, layout_basic

Skill      XL: |  1  2 |
---------------+-------+-----
Long Blades    | 4 |  4.0
Fighting       | |  3.0
Spellcasting   | |  1.0
Fire Magic     | |  3.3

Action                   || total
-------------------------++-------
Melee: Falchion          ||    22
       Kick              ||     2
Armor: Robe              ||     3
Dodge: Dodged            ||    11

Table legend: (Time is in decaauts)
 A = Elapsed time spent in this place.
 B = Non-inter-level travel time spent in this place.
 C = Inter-level travel time spent in this place.
 D = Time resting spent in this place.
 E = Time spent auto-exploring this place.
 F = Levels seen in this place.
 G = Mean time per level.
                   A        B        C        D        E       F      G
               +--------+--------+--------+--------+--------+-----+--------+
         Total |    515 |    499 |     16 |      0 |    433 |   1 |  515.0 |
       Dungeon |    515 |    499 |     16 |      0 |    433 |   1 |  515.0 |
               +--------+--------+--------+--------+--------+-----+--------+

Top non-repeatable levels by time:
     D:1: 515 daAuts
